 Dungeon Crawl Stone Soup version 0.30-a0-459-g9104f0fc43 (webtiles) character file.

Game seed: 8222857871717918778

21 funkygono the Firebug (level 2, -2/19 HPs)
             Began as a Demonspawn Fire Elementalist on Dec 15, 2022.
             Constricted to death by Robin (4 damage)
             ... on level 2 of the Dungeon.
             The game lasted 00:01:45 (1043 turns).

funkygono the Firebug (DsFE)                        Turns: 1043, Time: 00:01:46

Health: -2/19      AC:  3    Str:  8    XL:     2   Next: 62%
Magic:  0/5        EV:  9    Int: 16    God:
Gold:   34         SH:  0    Dex: 13    Spells: 2/5 levels left

rFire   . . .      SeeInvis .    c - +2 dagger (elec)
rCold   . . .      Faith    .    (no shield)
rNeg    . . .      Spirit   .    a - +0 robe
rPois   .          Reflect  .    (no helmet)
rElec   .          Harm     .    (no cloak)
rCorr   .          Rampage  .    (no gloves)
Will    .....                    (no boots)
Stlth   ++........               (no amulet)
HPRegen 0.23/turn                (no ring)
MPRegen 0.09/turn                (no ring)

@: grasped by roots, constricted
A: rugged brown scales 1
a: no special abilities


You were on level 2 of the Dungeon.
You visited 1 branch of the dungeon, and saw 2 of its levels.

You collected 34 gold pieces.

Inventory:

Hand Weapons
 c - a +2 dagger of electrocution (weapon)
Armour
 a - a +0 robe (worn)
Scrolls
 e - a scroll of blinking {unknown}
 f - 2 scrolls of fear {unknown}
 h - a scroll of identify {unknown}
Potions
 b - 6 potions of magic
 d - a potion of might {unknown}
 g - a potion of curing {unknown}


   Skills:
 + Level 1.9 Dodging
 - Level 1.7 Stealth
 + Level 2.2 Spellcasting
 + Level 1.1 Conjurations
 + Level 3.3 Fire Magic


You had 2 spell levels left.
You knew the following spells:

 Your Spells              Type           Power      Damage    Failure   Level
a - Foxfire               Conj/Fire      32%        2x1d5     9%          1
b - Scorch                Fire           24%        2d6       8%          2

Your spell library contained the following spells:

 Spells                   Type           Power      Damage    Failure   Level
 Inner Flame              Hex/Fire       7%         N/A       30%         3
 Kindle Blastsparks       Fire/Tloc/Air  10%        2d10      36%         3
 Flame Wave               Conj/Fire      8%         2d5       63%         4


Dungeon Overview and Level Annotations

Branches:
Dungeon (2/15)

Altars:

Annotations:
D:2 Robin


Innate Abilities, Weirdness & Mutations

You are partially covered in rugged brown scales. (AC +1, +3% HP)


Message History

Robin throws the goblin at you!
You hit the goblin. Lightning courses through the goblin!!
You kill the goblin!
A goblin comes into view. It is wielding a +0 club.
Things that are here:
a +0 club; a goblin corpse A goblin comes into view.
It is wielding a +0 dagger.
Robin zaps a wand.
The roots erupt in riotous growth!
The grasping roots grab you! The grasping roots constrict you.
You hear a shout!
You escape the roots grasp.
Robin throws the goblin at you!
You hit the goblin.
The goblin is moderately wounded.
The goblin closely misses you.
Robin roars a battlecry!
The goblins go into a battle-frenzy!
Unknown command.
Casting: Foxfire (safe; 9% risk of failure)
Confirm with . or Enter, or press ? or * to list all spells.
You conjure some foxfire!
Robin zaps a wand.
The roots erupt in riotous growth!
The grasping roots grab you!
The goblin is unaffected.
Your foxfire is unaffected. x2
The grasping roots constrict you.
* * * LOW HITPOINT WARNING * * *
The goblin closely misses you.
You barely miss the goblin.
The goblin is moderately wounded.
The foxfire hits the goblin.
The goblin is heavily wounded.
The foxfire hits the goblin.
You kill the goblin!
The grasping roots constrict you.
* * * LOW HITPOINT WARNING * * *
You escape the roots grasp.
Robin zaps a wand.
The roots erupt in riotous growth!
The grasping roots grab you! The grasping roots constrict you.
You die...

#.# #.# #.# # #.#
#. #†#
#.###.####.# #
....)..).)g####.#
........).g..@..#
.####)####....###
# ....#..?....
####....###.#
#.#.## #.#.#
#.#.# #.#.#


You could see Robin and a goblin (strong).

Vanquished Creatures
  2 endoplasms
  8 goblins
  2 hobgoblins
  A ball python (D:1)
  A bat (D:2)
  2 frilled lizards (D:1)
  3 rats (D:1)
19 creatures vanquished.

Vanquished Creatures (others)
  51 foxfires
51 creatures vanquished.

Grand Total: 70 creatures vanquished

Notes
Turn   | Place    | Note
-------+----------+-------------------------------------------
     0 | D:1      | funkygono the Demonspawn Fire Elementalist began the quest
                  | for the Orb.
     0 | D:1      | Reached XP level 1. HP: 13/13 MP: 3/3
   252 | D:1      | Reached skill level 3 in Fire Magic
   489 | D:1      | Gained mutation: You are partially covered in rugged brown
                  | scales. (AC +1, +3% HP) [demonic ancestry]
   489 | D:1      | Reached XP level 2. HP: 13/19 MP: 1/5
   492 | D:1      | Learned a level 2 spell: Scorch
  1029 | D:2      | Noticed Robin
  1043 | D:2      | Constricted to death by Robin

Illustrated notes

Levels and vault maps discovered:
D:1:      sevenhm_arrival_forest_fort_small_4, layout_basic
D:2:      layout_loops_ring, kennysheep_generic_room_16, uniq_natasha,
          uniq_terence, uniq_robin

Skill      XL: |  1 |
---------------+----+-----
Fire Magic     | 3 |  3.3
Dodging        | |  1.9
Stealth        | |  1.7
Spellcasting   | |  2.2
Conjurations   | |  1.1

Action                   || total
-------------------------++-------
Melee: Dagger            ||     3
 Cast: Foxfire           ||    30
Armor: Robe              ||     1
Dodge: Dodged            ||     3

Table legend: (Time is in decaauts)
 A = Elapsed time spent in this place.
 B = Non-inter-level travel time spent in this place.
 C = Inter-level travel time spent in this place.
 D = Time resting spent in this place.
 E = Time spent auto-exploring this place.
 F = Levels seen in this place.
 G = Mean time per level.
                   A        B        C        D        E       F      G
               +--------+--------+--------+--------+--------+-----+--------+
         Total |   1046 |   1034 |     12 |     38 |    898 |   2 |  523.0 |
       Dungeon |   1046 |   1034 |     12 |     38 |    898 |   2 |  523.0 |
               +--------+--------+--------+--------+--------+-----+--------+

Top non-repeatable levels by time:
     D:1: 969 daAuts
     D:2: 77 daAuts
